 Dungeon Crawl Stone Soup version 0.26-a0-1213-gd52f5182fe (webtiles) character file.

Game seed: 5999137020378443604

4239 sokol815 the Carver (level 10, -9/63 HPs)
             Began as an Octopode Gladiator on Dec 30, 2020.
             Was an Initiate of Gozag.
             Shot with a bolt by an orc warrior (29 damage)
             ... in a bailey.
             The game lasted 00:21:04 (9465 turns).

sokol815 the Carver (Octopode Gladiator)            Turns: 9465, Time: 00:21:04

Health: -9/63      AC:  1    Str: 13    XL:     10   Next: 30%
Magic:  10/10      EV: 19    Int: 13    God:    Gozag
Gold:   523        SH:  5    Dex: 15    Spells: 9/9 levels left

rFire    . . .     SeeInvis .   a - +0 long sword
rCold    . . .     Faith    .   D - +0 buckler
rNeg     + . .     Spirit   .   j - +0 hat
rPois    .         Reflect  .   z - amulet of regeneration {+regen, !d}
rElec    .         Harm     .   f - +4 ring of evasion
rCorr    .         Rampage  .   g - ring of willpower
Will     +....                  o - ring of positive energy {rN+}
Stlth    +++++.....             (no ring)
HPRegen  0.60/turn              (no ring)
MPRegen  0.12/turn              (no ring)
                                (no ring)
                                (no ring)

@: no status effects
A: almost no armour, stealthy swim, amphibious, 8 rings, constrict 8, camouflage
1, gelatinous body 1
a: Renounce Religion, Potion Petition, Call Merchant, Bribe Branch


You were in a bailey.
You worshipped Gozag.
Gozag was pleased with you.
You visited 2 branches of the dungeon, and saw 10 of its levels.
You also visited: Sewer and Bailey.

You collected 634 gold pieces.
You paid 111 gold pieces to Gozag.

Inventory:

Hand Weapons
 a - a +0 long sword (weapon)
 b - a +1 dagger of draining
   (You took it off an orc wizard on level 7 of the Dungeon)
 v - a +0 trident of freezing
   (You took it off an orc on level 3 of the Dungeon)
 w - a +1 flail of protection
   (You took it off an orc on level 3 of the Dungeon)
 E - a +2 dagger of venom
   (You found it on level 1 of the Dungeon)
Missiles
 c - 3 throwing nets {=f, !d}
 e - 192 stones
 C - 2 boomerangs (quivered)
 G - 3 poisoned darts
Armour
 j - a +0 hat (worn)
 D - a +0 buckler (worn)
   (You took it off a gnoll sergeant on level 7 of the Dungeon)
Magical Staves
 r - an uncursed staff of cold {rC+}
   (You found it on level 3 of the Dungeon)
Jewellery
 f - a +4 ring of evasion (left tentacle)
   (You found it on level 1 of the Dungeon)
 g - a ring of willpower (right tentacle)
   (You found it on level 1 of the Dungeon)
 o - a ring of positive energy (on tentacle) {rN+}
   (You found it on level 2 of the Dungeon)
 p - an uncursed amulet of magic regeneration
   (You found it on level 4 of the Dungeon)
 z - an amulet of regeneration (around mantle) {+regen, !d}
   (You found it on level 8 of the Dungeon)
Wands
 k - a wand of random effects (23)
   (You took it off Jessica on level 3 of the Dungeon)
Scrolls
 d - 8 scrolls of teleportation
 i - 4 scrolls of fear
 q - 2 scrolls of fog
 s - 5 scrolls of remove curse
 t - 2 scrolls of magic mapping {!r}
 u - a scroll of enchant weapon {unknown}
 x - a scroll of immolation {!r}
 y - a scroll of silence {unknown}
 A - 2 scrolls of amnesia
Potions
 h - a potion of mutation {!q}
 l - 2 potions of attraction {!q}
 m - a potion of flight
 n - a potion of curing {unknown}
 B - 2 potions of lignification {!q}
 F - 2 potions of invisibility


   Skills:
 + Level 3.5 Fighting
 - Level 14.0 Long Blades
 - Level 2.0 Throwing
 + Level 4.2 Dodging
 + Level 9.1 Stealth
 - Level 4.0 Shields


You had 9 spell levels left.
You didn't know any spells.
Your spell library was empty.

Dungeon Overview and Level Annotations

Branches:
Dungeon (9/15)             Temple (1/1) D:6           Sewer (visited)
 Bailey (1/1)
   Lair: D:8-11         Orc: D:9-12

Altars:
Ashenzari
Cheibriados
Dithmenos
Elyvilon
Fedhas
Gozag
Hepliaklqana
Kikubaaqudgha
Makhleb
Nemelex Xobeh
Okawaru
Qazlal
Ru
Sif Muna
Uskayaw
Vehumet
Wu Jian
Xom
Yredelemnul
Zin
The Shining One

Annotations:
D:2 Sigmund
D:8 exclusions: 2 doors, skeleton, two-headed ogre and ugly thing


Innate Abilities, Weirdness & Mutations

You cannot wear most types of armour.
You are very stealthy in the water. (Stealth+)
You are amphibious.
You can wear up to eight rings at the same time.
You can use your tentacles to constrict eight enemies at once.
Your skin changes colour to match your surroundings (Stealth+).
Your rubbery body absorbs attacks. (AC +1, EV +1)


Message History

You take 8 damage, and have 38/63 hp.
You slash the killer bee!
You kill the killer bee!
You block the killer bee's attack.
Your Stealth skill increases to level 9!
You hit the killer bee. Your grab misses the killer bee.
You squeeze the killer bee!
The killer bee stings you but does no damage.
The killer bee completely misses you.
You riposte.
You hit the killer bee but do no damage.
Your grab misses the killer bee. The killer bee stings you.
The killer bee completely misses you.
You take 2 damage, and have 37/63 hp.
You hit the killer bee.
You kill the killer bee!
You miss the killer bee. You grab the killer bee. You squeeze the killer bee.
You constrict the killer bee. The killer bee stings you.
The killer bee stings you!
You take 13 damage, and have 24/63 hp.
MASSIVE DAMAGE!!
You slash the killer bee!
You constrict the killer bee, but do no damage.
You block the killer bee's attack. x2; The killer bee misses you.
The killer bee completely misses you.
You riposte.
You slash the killer bee! You grab the killer bee.
Your squeeze misses the killer bee. You slash the killer bee!
You kill the killer bee!
You constrict the killer bee. The killer bee barely misses you.
You hit the killer bee but do no damage.
You constrict the killer bee, but do no damage.
The killer bee stings you.
You are poisoned.
The killer bee poisons you!
You take 2 damage, and have 22/63 hp.
You slash the killer bee!
You squeeze the killer bee, but do no damage.
You constrict the killer bee.
You kill the killer bee!
You feel sick.
You take 1 damage, and have 21/63 hp.
As you close the gate, pushing everything out of the way, it creaks loudly!
You see here 7 gold pieces.
You feel sick.
You now have 516 gold pieces (gained 21).
You now have 523 gold pieces (gained 7).
You feel sick.
You feel sick.
You take 1 damage, and have 23/63 hp.
You start resting.
You feel sick. x3
You are no longer poisoned.
You regained 4 hp, and now have 27/63 hp.
You start resting. 2 orcs, an orc warrior and an orc wizard come into view.
The orc wizard is wielding a +0 dagger of electrocution.
You regained 5 hp, and now have 32/63 hp.
The orc moves out of view.
There is a flagged portal here.
The world spins around you as you enter the gateway.
You enter a bailey! 4 orc warriors and 2 orc knights come into view.
Found two gates leading back out of this place.
There is an empty arch of ancient stone here.
As you read the scroll of teleportation, it crumbles to dust.
You feel strangely unstable.
The orc warrior shouts! x2; The orc knight shouts!
Found a gate leading back out of this place.
The orc warrior shouts! x2
The orc warrior shoots a bolt.
You block the bolt.
An orc comes into view. It is wielding a +0 halberd.
An orc warrior comes into view. It is wielding a +0 halberd.
Your surroundings suddenly seem different.
An orc comes into view. It is wielding a +0 spear.
The orc shouts!
An orc comes into view. It is wielding a +0 halberd.
The orc shouts!
The orc knight roars a battlecry!
The orcs go into a battle-frenzy!
The orc barely misses you.
Found a gate leading back out of this place.
The orc closely misses you. As you open the door, it creaks loudly!
An orc knight comes into view. It is wielding a +0 glaive.
The orc knight shouts!
You hear a shout! x2
The orc warrior shoots a bolt.
The bolt barely misses you.
The bolt hits the orc knight!
An orc and an orc warrior come into view.
The orc warrior shoots a bolt.
The bolt closely misses you.
The bolt hits the orc knight!!
The orc warrior shoots a bolt.
You block the bolt.
The orc knight hits you from afar with a +0 glaive!!
There is an open door, spattered with blood here.
You see here a bolt.
You take 20 damage, and have 19/63 hp.
MASSIVE DAMAGE!!
Aim: an orc knight, wielding a +0 glaive and wearing a +0 ring mail (heavily wounded)
The orc knight easily resists.
The orc warrior shoots a bolt.
The bolt hits you!!
You die...
Your body crumbles into a pile of gold.

## ### ##.#
#########∩##
#:.o##.....##(∩.#
#...#..≈≈≈..#...#
#...#.≈≈o≈≈.......≈
#(o.@.≈oo.≈o......≈oo
#}..#.≈≈o≈≈.......≈≈o
#..o#..≈≈≈..#...#..≈≈
#$..##.....##...##..o
##.# #########∩## ###
##


You could see 2 orc knights, 3 orc warriors and 3 orcs.

Vanquished Creatures
  A two-headed ogre (D:9)
  A hornet (D:9)
  2 orc warriors
  4 ice beasts
  A phantom (D:5)
  3 ogres
  3 centaurs
  2 bullfrogs
  A gnoll sergeant (D:7)
  4 scorpions
  12 killer bees (D:9)
  2 vampire bats (D:5)
  2 howler monkeys (D:7)
  A bullfrog zombie (D:8)
  4 orc priests (D:7)
  A centaur skeleton (D:4)
  Jessica (D:3)
  An iguana (D:5)
  6 orc wizards
  6 worker ants
  A killer bee zombie (D:6)
  5 gnolls (D:7)
  12 adders
  2 shadow imps
  An ufetubus (D:6)
  6 worms
  5 dart slugs
  3 leopard geckos
  27 orcs
  9 ball pythons
  6 bats
  A bat skeleton (D:5)
  4 bat zombies (D:5)
  8 giant cockroaches
  8 goblins
  7 hobgoblins
  4 jackals (D:5)
  8 kobolds
  5 quokkas
  9 frilled lizards
  A jackal skeleton (D:4)
  A leopard gecko skeleton (D:7)
  A leopard gecko zombie (D:6)
  9 rats
201 creatures vanquished.

Notes
Turn   | Place    | Note
-------+----------+-------------------------------------------
     0 | D:1      | sokol815 the Octopode Gladiator began the quest for the
                  | Orb.
     0 | D:1      | Reached XP level 1. HP: 14/14 MP: 1/1
    54 | D:1      | Reached skill level 1 in Stealth
   131 | D:1      | Reached XP level 2. HP: 16/19 MP: 2/2
   180 | D:1      | Reached skill level 2 in Stealth
   610 | D:1      | Reached skill level 3 in Stealth
   610 | D:1      | Reached XP level 3. HP: 24/24 MP: 3/3
  1076 | D:2      | Noticed Sigmund
  1113 | D:2      | Reached skill level 4 in Stealth
  1115 | D:2      | Reached XP level 4. HP: 29/29 MP: 4/4
  1686 | D:2      | Found a faded altar of an unknown god.
  1800 | D:3      | Found a glowing drain.
  1835 | Sewer    | Entered a sewer
  1992 | Sewer    | Reached skill level 5 in Stealth
  2025 | Sewer    | Noticed a bullfrog
  2031 | Sewer    | Killed a bullfrog
  2032 | Sewer    | Reached skill level 4 in Long Blades
  2032 | Sewer    | Reached XP level 5. HP: 21/34 MP: 5/5
  2207 | D:3      | Reached skill level 6 in Stealth
  2435 | D:4      | Reached XP level 6. HP: 39/39 MP: 6/6
  2499 | D:4      | Found a blossoming altar of Fedhas.
  2507 | D:4      | Reached skill level 7 in Stealth
  2912 | D:4      | Found an ornate altar of the Wu Jian Council.
  3022 | D:5      | Entered Level 5 of the Dungeon
  3374 | D:5      | Reached skill level 12 in Long Blades
  3374 | D:5      | Reached XP level 7. HP: 45/45 MP: 7/7
  3539 | D:5      | Found an ancient bone altar of Kikubaaqudgha.
  3546 | D:5      | Reached skill level 13 in Long Blades
  3565 | D:5      | Reached skill level 8 in Stealth
  3565 | D:5      | Reached XP level 8. HP: 45/50 MP: 8/8
  4384 | D:6      | Found a staircase to the Ecumenical Temple.
  4393 | Temple   | Entered the Ecumenical Temple
  4731 | D:3      | Noticed Jessica
  4733 | D:3      | Killed Jessica
  6244 | D:6      | HP: 9/50 [centaur (9)]
  6642 | D:6      | Found a broken altar of Ashenzari.
  6653 | D:6      | Found a radiant altar of Vehumet.
  6656 | D:6      | Found a burning altar of Makhleb.
  6936 | D:6      | Reached XP level 9. HP: 48/54 MP: 9/9
  7621 | D:7      | HP: 2/54 [orc priest/divine providence (13)]
  8381 | D:7      | Reached skill level 1 in Shields
  8447 | D:7      | Found a glowing golden altar of the Shining One.
  8489 | D:7      | Found a stormy altar of Qazlal.
  8492 | D:7      | Found a shimmering altar of Xom.
  8495 | D:7      | Found an opulent altar of Gozag.
  8499 | D:7      | Became a worshipper of Gozag Ym Sagoz the Greedy
  8827 | D:8      | Noticed a brown ugly thing
  8900 | D:8      | Reached skill level 2 in Shields
  8903 | D:8      | Noticed a two-headed ogre
  8991 | D:8      | Found a sacrificial altar of Ru.
  9093 | D:8      | Reached skill level 14 in Long Blades
  9211 | D:9      | Found a flagged portal.
  9219 | D:9      | Reached skill level 3 in Shields
  9231 | D:9      | Noticed a hornet
  9232 | D:9      | Found an iron altar of Okawaru.
  9235 | D:9      | Killed a hornet
  9252 | D:9      | Noticed a two-headed ogre
  9260 | D:9      | Killed a two-headed ogre
  9261 | D:9      | Reached skill level 4 in Shields
  9261 | D:9      | Reached XP level 10. HP: 25/62 MP: 10/10
  9290 | D:9      | Reached skill level 3 in Fighting
  9374 | D:9      | Reached skill level 4 in Dodging
  9418 | D:9      | Reached skill level 9 in Stealth
  9455 | Bailey   | Entered a bailey
  9455 | Bailey   | Noticed an orc knight
  9455 | Bailey   | Noticed an orc knight
  9463 | Bailey   | Noticed an orc knight
  9465 | Bailey   | Shot with a bolt by an orc warrior

Illustrated notes

Levels and vault maps discovered:
D:1:      heliophobic_arrival_henge, layout_loops_cross,
          minmay_misc_feat_nine_boxes, minivault_23
D:2:      layout_basic, chequers_ecumenical_altar_island, uniq_sigmund
D:3:      layout_basic, cheibrodos_sewer_entry_bend, serial_corexii_hall,
          chequers_hall_statues_wall_a, corexii_hall_statues_t,
          corexii_hall_statues_x, corexii_hall_statues_x, uniq_jessica
D:4:      layout_rooms, nzn_wu_jian_council_hall, fedhas_altar_1,
          kennysheep_cross_bottleneck
D:5:      layout_loops_corners, kennysheep_vampire_church
D:6:      layout_cave_pools, grunt_temple_overflow_open,
          minmay_temple_entry_grid
D:7:      layout_loops_ring, grunt_temple_overflow_cloverleaf
D:8:      layout_basic, lightli_temple_of_fire, nicolae_overflow_hidden_temple,
          serial_shops, shop, uniq_maggie, uniq_maurice, uniq_prince_ribbit1
D:9:      layout_rooms, okawaru_ov_weapons_minmay, enter_bailey_4, minivault_1
Temple:   compressed_dpeg_triangle_lava_temple
Bailey:   bailey_polearm_4, bailey

Skill      XL: |  1  2  3  4  5  6  7  8  9 10 |
---------------+-------------------------------+-----
Stealth        | 1 3 4 5 6 7 8 9 |  9.1
Long Blades    | 4 12 13 14 | 14.0
Shields        | 4 |  4.0
Fighting       | 3 |  3.5
Dodging        | 4 |  4.2
Throwing       | |  2.0

Action                   |  1- 3 |  4- 6 |  7- 9 | 10-12 || total
-------------------------+-------+-------+-------+-------++-------
Melee: Long sword        |    32 |    51 |   228 |    42 ||   353
       Constrict         |    12 |    19 |    60 |    12 ||   103
       Tentacles         |     7 |    13 |    56 |     9 ||    85
       Dagger            |       |    21 |    10 |     4 ||    35
Throw: Stone             |    76 |   129 |   203 |       ||   408
       Boomerang         |       |       |       |     5 ||     5
       Dart              |       |       |       |     3 ||     3
Evoke: Wand              |       |       |     1 |     1 ||     2
  Use: Scroll            |       |     7 |    14 |     1 ||    22
       Potion            |       |     1 |     1 |       ||     2
 Stab: Sleeping          |     4 |     9 |     9 |       ||    22
Armor: Skin              |     1 |     1 |     4 |     1 ||     7
Dodge: Dodged            |    25 |    42 |   143 |    42 ||   252
Block: Buckler           |       |       |     8 |    11 ||    19
       Rpst.: Long sword |     3 |    12 |    40 |     8 ||    63

Table legend: (Time is in decaauts)
 A = Elapsed time spent in this place.
 B = Non-inter-level travel time spent in this place.
 C = Inter-level travel time spent in this place.
 D = Time resting spent in this place.
 E = Time spent auto-exploring this place.
 F = Levels seen in this place.
 G = Mean time per level.
                   A        B        C        D        E       F      G
               +--------+--------+--------+--------+--------+-----+--------+
         Total |   9390 |   8984 |    406 |   1491 |   5743 |  12 |  782.5 |
       Dungeon |   8768 |   8381 |    387 |   1374 |   5369 |   9 |  974.2 |
        Temple |    248 |    229 |     19 |      0 |    229 |   1 |  248.0 |
         Sewer |    364 |    364 |      0 |    117 |    145 |   1 |  364.0 |
        Bailey |      9 |      9 |      0 |      0 |      0 |   1 |    9.0 |
               +--------+--------+--------+--------+--------+-----+--------+

Top non-repeatable levels by time:
     D:5: 1524 daAuts
     D:2: 1381 daAuts
     D:7: 1340 daAuts
     D:3: 1171 daAuts
     D:6: 1035 daAuts
     D:1: 903 daAuts
     D:4: 722 daAuts
     D:8: 436 daAuts
   Sewer: 364 daAuts
     D:9: 252 daAuts
  Temple: 248 daAuts
  Bailey: 9 daAuts

Table legend:
 A = Kills in this place as a percentage of kills in entire the game.
 B = Kills by you in this place as a percentage of kills by you in the entire game.
 C = Kills by friends in this place as a percentage of kills by friends in the entire game.
 D = Other kills in this place as a percentage of other kills in the entire game.
 E = Experience gained in this place as a percentage of experience gained in the entire game.
 F = Experience gained in this place divided by the number of levels of this place that you have seen.
                   A       B       C       D       E      F
               +-------+-------+-------+-------+-------+----------------------
         Total | 100.0 | 100.0 |   N/A |   N/A | 100.0 | 466.1
       Dungeon |  91.0 |  91.0 |   N/A |   N/A |  97.7 | 607.3
         Sewer |   9.0 |   9.0 |   N/A |   N/A |   2.3 | 127.0
               +-------+-------+-------+-------+-------+----------------------
